 Dungeon Sprint DCSS version 0.21.1-1-g345015f (webtiles) character file.

8550 Anonimus the Fencer (level 11, -4/107 HPs)
             Began as a Minotaur Fighter on Mar 21, 2018.
             Was a High Priest of Okawaru.
             Slain by an orc knight
             ... wielding a +0 bardiche
              (30 damage)
             ... in the Dungeon (Sprint IX: "|||||||||||||||||||||||||||||").
             The game lasted 00:03:31 (1460 turns).

Anonimus the Fencer (Minotaur Fighter)              Turns: 1460, Time: 00:03:31

Health: -4/107     AC: 19    Str: 21    XL:     11   Next: 11%
Magic:  3/10       EV: 14    Int:  8    God:    Okawaru [*****.]
Gold:   686        SH: 13    Dex: 13    Spells: 10/10 levels left

rFire    . . .     SeeInvis .   r - +2 scimitar (flame)
rCold    . . .     Gourm    .   c - +0 shield
rNeg     . . .     Faith    .   s - +1 chain mail
rPois    .         Spirit   .   (helmet restricted)
rElec    .         Reflect  .   A - +0 cloak
rCorr    .         Harm     .   (no gloves)
MR       .....     NoTele   +   a - +0 pair of boots
Stlth    ..........             (no amulet)
HPRegen  0.27/turn              t - +3 ring of intelligence
MPRegen  0.12/turn              u - +2 ring of protection

@: no status effects
A: retaliatory headbutt, horns 2
a: Heroism, Finesse, Renounce Religion


You were in the Dungeon.
You worshipped Okawaru.
Okawaru was extremely pleased with you.
You were not hungry.

You visited 1 branch You collected 686 gold pieces.

Inventory:

Hand Weapons
 b - a +1 falchion of holy wrath
 p - a +1 broad axe of chopping
 q - a +2 rapier of distortion
 r - a +2 scimitar of flaming (weapon)
 C - a +3 great sword of holy wrath
Missiles
 B - 4 steel javelins (quivered)
Armour
 a - a +0 pair of boots (worn)
 c - a +0 shield (worn)
 s - a +1 chain mail (worn)
 A - a +0 cloak (worn)
Jewellery
 t - a +3 ring of intelligence (left hand)
 u - a +2 ring of protection (right hand)
Wands
 o - a wand of iceblast (10)
Scrolls
 k - 3 scrolls of blinking
 m - 4 scrolls of remove curse
 n - 2 scrolls of amnesia
 w - a scroll of fog
 x - a scroll of identify
 y - 2 scrolls of enchant armour
 z - a scroll of fear
Potions
 d - 2 potions of might
 e - 6 potions of curing
 g - 7 potions of heal wounds
 h - a potion of haste
 i - 4 potions of magic
 j - a potion of berserk rage
 l - a potion of invisibility
 v - a potion of agility
Comestibles
 f - 10 rations


   Skills:
 + Level 13.4 Fighting
 * Level 17.9 Long Blades
 + Level 13.5 Armour
 + Level 12.0 Dodging
 + Level 13.4 Shields


You had 10 spell levels left.
You didn't know any spells.

Dungeon Overview and Level Annotations

Branches:
Dungeon (1/1)

Altars:
Cheibriados
Dithmenos
Elyvilon
Fedhas
Gozag
Hepliaklqana
Kikubaaqudgha
Makhleb
Nemelex Xobeh
Okawaru
Qazlal
Ru
Sif Muna
Trog
Uskayaw
Vehumet
Wu Jian
Xom
Yredelemnul
Zin
The Shining One
Beogh
Jiyva
Lugonu


Innate Abilities, Weirdness & Mutations

You reflexively headbutt those who attack you in melee.
You have a pair of horns on your head.


Message History

Your hands slow down.
The orc warrior hits you with a flail!
* * * LOW HITPOINT WARNING * * *
You are too injured to fight recklessly!
You closely miss the orc warrior.
The orc warrior is moderately wounded.
The orc warrior no longer looks unusually strong.
You slice the orc warrior!! You burn the orc warrior!
You kill the orc warrior!
Okawaru accepts your kill.
You feel like a meek peon again. The orc knight closely misses you.
You are too injured to fight recklessly!
Items here: $ )) [[ † You are too injured to fight recklessly!
Unknown command.
Your chain mail prevents you from hitting the orc knight.
You headbutt the orc knight, but do no damage.
The orc knight hits you with a bardiche!!
You die...

▓_▓.▓.▓.▓
▓_▓.▓.▓.▓.▓
▓_▓.▓.▓.▓.▓
▓_▓.▓.▓.▓.▓
▓_▓.▓.▓.▓o▓
▓_▓.▓÷▓.▓o▓
▓_▓.▓†▓.▓o▓
▓_▓.▓'▓.▓o▓
▓_▓.▓.▓.▓@▓
▓_▓.▓.▓.▓)▓
▓_▓.▓.▓.▓)▓
▓_▓.▓.▓.▓)▓
▓_▓.▓†▓.▓.▓
▓_▓.▓.▓.▓.▓
▓_▓.▓.▓.▓.▓
▓_▓.▓.▓.▓.▓
▓_▓.▓.▓.▓.▓


You could see 3 orc knights and an orc warrior.

Vanquished Creatures
  A centaur warrior (D)
  A death yak (D)
  Urug (D)
  2 lindwurms (D)
  An orc knight (D)
  Psyche (D)
  A torpor snail (D)
  4 spiny frogs (D)
  A komodo dragon (D)
  3 tyrant leeches (D)
  A blink frog (D)
  A yak (D)
  An acid dragon (shapeshifter) (D)
  A water moccasin (D)
  3 porcupines (D)
  8 orc warriors (D)
  A phantom (D)
  An ogre (D)
  A wolf (D)
  2 centaurs (D)
  A big kobold (D)
  5 bullfrogs (D)
  A howler monkey (D)
  An orc priest (D)
  A jelly (D)
  6 orc wizards (D)
  An iguana (D)
  2 worker ants (D)
  An adder (D)
  3 worms (D)
  A dart slug (D)
  5 orcs (D)
  2 bat skeletons (D)
  A jackal (D)
  A kobold (D)
  A bat (D)
  2 rats (D)
71 creatures vanquished.

Notes
Turn   | Place    | Note
-------+----------+-------------------------------------------
     0 | D        | Anonimus the Minotaur Fighter began the quest for the Orb.
     0 | D        | Reached XP level 1. HP: 19/19 MP: 0/0
    11 | D        | Reached skill level 3 in Long Blades
    13 | D        | Reached skill level 1 in Dodging
    23 | D        | Noticed an ogre
    23 | D        | Noticed a howler monkey
    23 | D        | Noticed an iguana
    23 | D        | Noticed a centaur
    31 | D        | Killed a centaur
    31 | D        | Reached skill level 5 in Fighting
    31 | D        | Reached skill level 6 in Long Blades
    31 | D        | Reached skill level 5 in Armour
    31 | D        | Reached skill level 5 in Shields
    31 | D        | Reached XP level 2. HP: 24/29 MP: 1/1
    31 | D        | Reached XP level 3. HP: 30/36 MP: 2/2
    31 | D        | Reached XP level 4. HP: 35/42 MP: 3/3
    47 | D        | Reached skill level 7 in Long Blades
    47 | D        | Reached XP level 5. HP: 39/50 MP: 4/4
    52 | D        | Killed an ogre
    52 | D        | Reached skill level 8 in Long Blades
    52 | D        | Reached skill level 5 in Dodging
   234 | D        | Found a roughly hewn altar of Beogh.
   234 | D        | Found a snail-covered altar of Cheibriados.
   234 | D        | Found a shadowy altar of Dithmenos.
   234 | D        | Found a white marble altar of Elyvilon.
   234 | D        | Found a blossoming altar of Fedhas.
   234 | D        | Found an opulent altar of Gozag.
   235 | D        | Found a hazy altar of Hepliaklqana.
   236 | D        | Found a viscous altar of Jiyva.
   237 | D        | Found an ancient bone altar of Kikubaaqudgha.
   238 | D        | Found a corrupted altar of Lugonu.
   239 | D        | Found a burning altar of Makhleb.
   240 | D        | Found a sparkling altar of Nemelex Xobeh.
   241 | D        | Found an iron altar of Okawaru.
   242 | D        | Found a stormy altar of Qazlal.
   243 | D        | Found a sacrificial altar of Ru.
   244 | D        | Found a deep blue altar of Sif Muna.
   245 | D        | Found a bloodstained altar of Trog.
   246 | D        | Found a hide-covered altar of Uskayaw.
   247 | D        | Found a radiant altar of Vehumet.
   248 | D        | Found an ornate altar of the Wu Jian Council.
   249 | D        | Found a shimmering altar of Xom.
   250 | D        | Found a basalt altar of Yredelemnul.
   253 | D        | Became a worshipper of Warmaster Okawaru
   256 | D        | Found a glowing silver altar of Zin.
   257 | D        | Found a glowing golden altar of the Shining One.
   309 | D        | Noticed a phantom
   312 | D        | Reached skill level 9 in Long Blades
   319 | D        | Reached XP level 6. HP: 59/60 MP: 5/5
   340 | D        | Reached skill level 10 in Long Blades
   350 | D        | Noticed a centaur warrior
   350 | D        | Noticed a blink frog
   359 | D        | Noticed an acid dragon
   359 | D        | a blink frog changed into an acid dragon
   360 | D        | Killed an acid dragon
   360 | D        | Reached XP level 7. HP: 66/68 MP: 6/6
   363 | D        | Killed a centaur warrior
   363 | D        | Reached * piety under Okawaru
   363 | D        | Reached ** piety under Okawaru
   363 | D        | Reached skill level 12 in Long Blades
   363 | D        | Reached XP level 8. HP: 77/78 MP: 7/7
   374 | D        | Reached skill level 10 in Armour
   491 | D        | Noticed a spiny frog
   492 | D        | Reached skill level 13 in Long Blades
   492 | D        | Reached skill level 10 in Shields
   493 | D        | Noticed a torpor snail
   496 | D        | Killed a spiny frog
   496 | D        | Reached *** piety under Okawaru
   496 | D        | Reached skill level 10 in Fighting
   498 | D        | Noticed a komodo dragon
   507 | D        | Killed a torpor snail
   507 | D        | Reached skill level 14 in Long Blades
   507 | D        | Reached XP level 9. HP: 44/86 MP: 8/8
   518 | D        | Killed a komodo dragon
   526 | D        | Noticed a spiny frog
   532 | D        | Killed a spiny frog
   532 | D        | Reached **** piety under Okawaru
   681 | D        | Noticed a death yak
   681 | D        | Noticed a spiny frog
   686 | D        | Killed a spiny frog
   686 | D        | Reached skill level 15 in Long Blades
   686 | D        | Reached skill level 10 in Dodging
   689 | D        | Noticed a spiny frog
   697 | D        | Killed a death yak
   697 | D        | Reached XP level 10. HP: 93/97 MP: 9/9
   705 | D        | Reached ***** piety under Okawaru
   713 | D        | Reached skill level 16 in Long Blades
   716 | D        | Killed a spiny frog
   731 | D        | Noticed a lindwurm
   744 | D        | Noticed a lindwurm
   751 | D        | Killed a lindwurm
   751 | D        | Received a gift from Okawaru
  1118 | D        | Killed a lindwurm
  1118 | D        | Reached skill level 17 in Long Blades
  1220 | D        | Noticed Psyche
  1226 | D        | Killed Psyche
  1239 | D        | Noticed Urug
  1249 | D        | Killed Urug
  1385 | D        | Noticed an orc knight
  1416 | D        | Killed an orc knight
  1416 | D        | Reached XP level 11. HP: 50/107 MP: 7/10
  1420 | D        | Noticed an orc knight
  1434 | D        | Noticed an orc knight
  1453 | D        | Noticed an orc knight
  1460 | D        | Slain by an orc knight

Skill      XL: |  1  2  3  4  5  6  7  8  9 10 11 |
---------------+----------------------------------+-----
Long Blades    | 6 7 9 10 12 14 15 17 | 17.9
Dodging        | 3 4 5 6 8 9 10 11 12 | 12.0
Fighting       | 5 6 7 8 9 10 11 13 | 13.4
Armour         | 5 6 7 8 9 10 11 13 | 13.5
Shields        | 5 6 7 8 9 10 11 13 | 13.4

Action                   |  1- 3 |  4- 6 |  7- 9 | 10-12 || total
-------------------------+-------+-------+-------+-------++-------
Melee: Long sword        |    18 |    21 |       |       ||    39
       Headbutt          |     3 |    11 |    15 |    35 ||    64
       Scimitar          |       |    37 |    57 |   166 ||   260
Invok: Heroism           |       |       |       |     4 ||     4
       Finesse           |       |       |       |     1 ||     1
  Eat: Ration            |       |       |       |     1 ||     1
Armor: Scale mail        |    12 |     3 |       |       ||    15
       Chain mail        |       |    10 |    12 |    20 ||    42
Dodge: Dodged            |     1 |    12 |     8 |    33 ||    54
Block: Shield            |     9 |    27 |    25 |    46 ||   107
       Rpst.: Long sword |     1 |     2 |       |       ||     3
       Scimitar          |       |     1 |     1 |     7 ||     9
